 Dungeon Crawl Stone Soup version 0.18-b1-18-g7758cf2 (webtiles) character file.

151261 dwasdwasdwas the Peltast (level 17, -2/157 HPs)
             Began as a Minotaur Fighter on May 2, 2016.
             Was a High Priest of Trog.
             Killed from afar by a Hell Sentinel (48 damage)
             ... with a damnation
             ... summoned by a deep elf demonologist
             ... on level 3 of the Elven Halls.
             The game lasted 02:00:41 (22864 turns).

dwasdwasdwas the Peltast (Minotaur Fighter)        Turns: 22864, Time: 02:00:41

Health: -2/157     AC: 24    Str: 26    XL:     17   Next: 0%
Magic:  16/16      EV: 23    Int:  5    God:    Trog [*****.]
Gold:   1088       SH: 22    Dex: 19    Spells: 0 memorised, 16 levels left

rFire  + . .     SeeInvis +     d - +6 short sword (vamp)
rCold  + . .     Gourm    .     e - +5 swamp dragon armour
rNeg   . . .     Faith    +     l - +0 large shield {AC+3}
rPois  +         Spirit   .     O - +0 mask of the Dragon {MR+ Slay+3 SInv}
rElec  +         Dismiss  .     Z - +2 cloak
rCorr  .         Reflect  .     x - -4 pair of gloves of Ycsytwuc {rElec Str-3 Dex+3 Slay+5}
SustAt .         Harm     .     w - +0 pair of boots
MR     ++++.     Rnd*Tele +     U - amulet of faith
Stlth  +.........               J - ring of the Dozen Spirits {*Tele Str+4 Dex+3}
                                o - ring of protection from fire

@: regenerating, incredibly resistant to hostile enchantments, very unstealthy
A: retaliatory headbutt, horns 2, molten scales 1, cold resistance 1, shaggy fur
1
a: Berserk, Trog's Hand, Brothers in Arms, Burn Spellbooks, Renounce Religion


You were on level 3 of the Elven Halls.
You worshipped Trog.
Trog was extremely pleased with you.
You were very hungry.

You visited 4 branches of the dungeon, and saw 21 of its levels.
You visited the Abyss 1 time.
You also visited: Labyrinth and Ice Cave.

You collected 1875 gold pieces.
You spent 787 gold pieces at shops.

Inventory:

Hand Weapons
 a - a +2 dagger of flaming
 d - a +6 vampiric short sword (weapon)
 N - a +7 antimagic quick blade
 P - a +3 short sword of freezing
 S - the +7 Spriggan's Knife {MR+ EV+4 Dex+4 Stlth+}
   (You found it in an ice cave)

   It affects your evasion (+4).
   It affects your dexterity (+4).
   It affects your resistance to hostile enchantments.
   It makes you more stealthy.
 W - the +3 long sword of Scorn {distort, rElec}
   (You found it in a labyrinth)

   It warps and distorts space around it.
   Unwielding it can cause banishment or high damage.
   It insulates you from electricity.
Armour
 e - a +5 swamp dragon armour (worn)
 l - a +0 large shield of protection (worn)
 t - a +1 pair of gloves of strength
 w - a +0 pair of boots (worn)
 x - the -4 pair of gloves of Ycsytwuc (worn) {rElec Str-3 Dex+3 Slay+5}
   (You bought it in a shop on level 2 of the Orcish Mines)

   It affects your strength (-3).
   It affects your dexterity (+3).
   It affects your accuracy and damage with ranged weapons and melee attacks
   (+5).
   It insulates you from electricity.
 y - a +2 hat of intelligence
 O - the +0 mask of the Dragon (worn) {MR+ Slay+3 SInv}
   (You found it on level 8 of the Dungeon)

   It affects your accuracy and damage with ranged weapons and melee attacks
   (+3).
   It affects your resistance to hostile enchantments.
   It lets you see invisible.
 Z - a +2 cloak (worn)
Jewellery
 b - the amulet "Uwkisegej" {Harm *Drain rElec MP+9 Stlth+}
   (You acquired it on level 13 of the Dungeon)

   [amulet of harm]

   It increases damage dealt and taken.
   It insulates you from electricity.
   It affects your magic capacity (+9).
   It makes you more stealthy.
 o - a ring of protection from fire (left hand)
 r - an uncursed ring of ice
 H - a cursed amulet of inaccuracy {unknown}
 J - the ring of the Dozen Spirits (right hand) {*Tele Str+4 Dex+3}
   (You found it on level 7 of the Dungeon)

   [ring of teleportation]

   It may teleport you next to monsters.
   It affects your strength (+4).
   It affects your dexterity (+3).
 Q - an uncursed ring of protection from cold
 U - an amulet of faith (around neck)
Wands
 c - a wand of slowing (28/48)
 f - a wand of digging (16/24)
 g - a wand of teleportation (3/9)
 j - a wand of iceblast (3/15)
 z - a wand of confusion (28/48)
 G - a wand of paralysis (14/24)
 I - a wand of acid (11/15)
 K - a wand of acid (4/15)
Scrolls
 m - a scroll of holy word
 q - 4 scrolls of teleportation
 A - 3 scrolls of fear
 C - 3 scrolls of remove curse
 F - a scroll of enchant armour
Potions
 h - a potion of invisibility
 i - 4 potions of flight
 s - 2 potions of ambrosia
 u - 3 potions of curing
 v - 2 potions of cure mutation
 D - a potion of brilliance
 L - 2 potions of agility
 V - 3 potions of might
Comestibles
 k - 4 meat rations
 n - 5 slices of pizza
 p - 22 royal jellies
 E - 3 beef jerkies
 M - 2 bread rations


   Skills:
 + Level 15.7 Fighting
 + Level 15.8(16.0) Short Blades
 - Level 3.7(12.1) Long Blades
 + Level 13.5 Armour
 + Level 15.8 Dodging
 - Level 0.1 Stealth
 + Level 17.2 Shields


You had 16 spell levels left.
You didn't know any spells.

Dungeon Overview and Level Annotations

Branches:
Dungeon (15/15)            Temple (0/1) D:5            Lair (0/8) D:11
    Orc (2/2) D:9             Elf (3/3) Orc:2        Vaults (0/5) D:13
 Depths (1/5) D:15

Altars:
Ashenzari
Cheibriados
Fedhas
Nemelex Xobeh
Okawaru
Pakellas
Ru
Sif Muna
Trog
Yredelemnul

Shops:
D:4 !   D:11 }   Orc:2 *[}:(

Annotations:
D:11 exclusion: oklob plant


Innate Abilities, Weirdness & Mutations

You reflexively headbutt those who attack you in melee.
You have a pair of horns on your head.
You are partially covered in molten scales (AC +1).
Your flesh is cold resistant.
You are covered in fur (AC +1).


Message History

* * * LOW HITPOINT WARNING * * *
The Hell Sentinel hits your troll!! The Hell Sentinel hits your troll!
Your troll is struck by the Hell Sentinel's spines.
Your troll bites the Hell Sentinel!!
Your troll claws the Hell Sentinel but does no damage. x2
Your surroundings suddenly seem different.
You hear a shout!
You see here a scimitar.
Drink which item? (? for menu, Esc to quit)
You feel much better.
Your skin crawls.
You feel resistant to hostile enchantments.
You feel slightly more hungry.
You hear a shout!
You hear a roar!
You swap places.
Your troll rages.
The Hell Sentinel gestures at you.
The damnation unfurls!
The damnation engulfs you!
You die...

###........####...###..#####
#####..........## ##.#
#########...###..#
##.#.#.### #.##.## #.####
#.# #T# #@# #.# #.# ########
##.## #..<.... ####...####
##....... ......e....#
#...).... ###.#1..##.#
##.(()....
.......##.###((..)....
###.##...ยง.()((...(....


You could see a Hell Sentinel, a deep elf demonologist and a friendly troll
(berserk).

Vanquished Creatures
  3 deep elf blademasters
  3 deep elf master archers (Elf:3)
  A fire giant (D:14)
  Aizul (Elf:3)
  4 deep elf sorcerers (Elf:3)
  A deep elf elementalist (Elf:3)
  3 stone giants
  A very ugly thing (D:14)
  A deep elf demonologist (Elf:3)
  The ghost of Chiseanne the Thaumaturge, a journeyman DsWz of Vehumet (D:13)
  4 deep elf annihilators
  A deep elf death mage (Elf:1)
  3 ettins
  A minotaur (Lab)
  2 blizzard demons (IceCv)
  2 yaktaur captains
  A fire dragon (D:14)
  The ghost of Chiseanne the Fighter, a journeyman DsWz of Gozag (Lab)
  5 hydras
  4 centaur warriors
  A catoblepas (D:10)
  A death knight (D:14)
  A tengu warrior (D:15)
  25 dancing weapons
  Urug (D:12)
  An orc high priest (Orc:1)
  16 deep elf knights
  A shadow wraith (D:13)
  A spatial maelstrom (Abyss:3)
  3 unseen horrors
  12 deep elf archers
  7 hill giants
  3 necromancers (Elf:1)
  An orc knight (Orc:2)
  A griffon (D:13)
  13 ugly things
  An orc sorcerer (Orc:2)
  40 deep elf magi
  12 cyclopes
  8 slime creatures
  Joseph (D:7)
  An ice statue (IceCv)
  A smoke demon (Abyss:3)
  A gargoyle (D:12)
  A yaktaur (D:15)
  4 freezing wraiths (IceCv)
  5 ice devils (IceCv)
  2 anaconda simulacra (IceCv)
  2 ancient zymes (Abyss:3)
  An efreet (D:13)
  A polar bear (shapeshifter) (D:13)
  2 queen bees
  3 two-headed ogres
  Prince Ribbit (D:7)
  5 trolls
  4 raiju (Abyss:3)
  A ynoxinul (Abyss:3)
  An air elemental (Elf:2)
  3 shadows
  6 water elementals
  A wyvern (D:13)
  4 wraiths
  23 yaks
  2 vampires
  4 dire elephant simulacra (IceCv)
  3 hippogriffs
  5 basilisks
  3 fire elementals
  2 vampire mosquitoes (D:13)
  5 hungry ghosts
  4 iron troll simulacra (IceCv)
  2 large abominations
  A warg (Orc:2)
  2 harpy simulacra (IceCv)
  A water moccasin (D:9)
  3 hell hounds (Abyss:3)
  3 hydra simulacra (IceCv)
  16 orc warriors
  4 small abominations (Abyss:3)
  A black bear (D:8)
  An eye of draining (D:10)
  4 phantoms
  2 wasps
  5 ice beasts
  2 sky beasts
  2 necrophages
  13 ogres
  14 centaurs
  Blork the orc (D:6)
  A crocodile (D:9)
  4 big kobolds
  3 elf zombies (Elf:1)
  3 earth elementals
  16 giant frogs
  A water moccasin zombie (D:9)
  53 killer bees
  4 scorpions
  An elephant simulacrum (IceCv)
  8 wights
  4 electric eels (D:11)
  7 crimson imps
  A howler monkey (D:8)
  5 centaur zombies
  2 hounds
  A draconian simulacrum (IceCv)
  5 jellies
  A gnoll shaman (D:6)
  13 orc priests
  2 centaur skeletons
  A giant frog skeleton (D:5)
  2 iguanas
  25 orc wizards
  Jessica (D:2)
  Terence (D:2)
  Ijyb (D:2)
  A hell rat (shapeshifter) (D:13)
  A polar bear simulacrum (IceCv)
  A spriggan simulacrum (IceCv)
  6 worker ants
  A troll simulacrum (IceCv)
  2 wolf simulacra (IceCv)
  6 centaur simulacra (IceCv)
  A hound zombie (D:5)
  Robin (D:2)
  A howler monkey zombie (D:10)
  2 howler monkey skeletons
  16 gnolls
  4 naga simulacra (IceCv)
  14 adders
  4 shadow imps
  6 white imps (IceCv)
  3 ufetubi
  4 worms
  5 giant geckos
  70 orcs
  8 giant cockroaches
  A goblin (shapeshifter) (Elf:3)
  17 goblins
  12 hobgoblins
  4 quokkas
  A ball python (D:1)
  A ball python skeleton (D:6)
  7 bats
  A giant gecko skeleton (D:4)
  3 giant newts
  24 kobolds
  A quokka zombie (D:6)
  4 rats
  A bush (D:15)
  2 crawling corpses (Elf:3)
  A plant (D:11)
774 creatures vanquished.

Vanquished Creatures (collateral kills)
  A deep elf sorcerer (Elf:3)
  3 deep elf annihilators (Elf:3)
  A deep elf high priest (Elf:3)
  A dancing weapon (Elf:2)
  3 deep elf knights (Elf:3)
  3 deep elf archers
  A hill giant (D:14)
  A hornet (D:14)
  6 deep elf magi
  An orc warrior (Orc:2)
  A scorpion (D:14)
22 creatures vanquished.

Vanquished Creatures (others)
  A necromancer (D:13)
  An orc (Orc:2)
  A kobold (D:11)
  2 plants (D:11)
5 creatures vanquished.

Grand Total: 801 creatures vanquished

Notes
Turn   | Place    | Note
--------------------------------------------------------------
     0 | D:1      | dwasdwasdwas the Minotaur Fighter began the quest for the Orb.
     0 | D:1      | Reached XP level 1. HP: 19/19 MP: 0/0
   262 | D:1      | Reached XP level 2. HP: 27/27 MP: 1/1
   559 | D:1      | You fall through a shaft!
   566 | D:2      | Reached skill level 4 in Shields
   638 | D:2      | Noticed Terence
   654 | D:2      | Killed Terence
   654 | D:2      | Reached XP level 3. HP: 10/33 MP: 2/2
  1296 | D:2      | Found a basalt altar of Yredelemnul.
  1328 | D:2      | Noticed Ijyb
  1347 | D:2      | Killed Ijyb
  1347 | D:2      | Reached skill level 1 in Dodging
  1347 | D:2      | Reached XP level 4. HP: 40/40 MP: 3/3
  1360 | D:2      | Found a bloodstained altar of Trog.
  1377 | D:2      | Noticed Robin
  1419 | D:2      | Killed Robin
  1426 | D:2      | Noticed Jessica
  1432 | D:2      | Killed Jessica
  1432 | D:2      | Reached XP level 5. HP: 40/46 MP: 4/4
  1434 | D:2      | Became a worshipper of Trog the Wrathful
  1680 | D:2      | Reached skill level 5 in Armour
  1777 | D:3      | Found a deep blue altar of Sif Muna.
  1832 | D:3      | Reached skill level 5 in Shields
  2023 | D:3      | Reached skill level 1 in Short Blades
  2060 | D:3      | Reached * piety under Trog
  2157 | D:3      | Reached XP level 6. HP: 53/53 MP: 5/5
  2525 | D:4      | Reached skill level 5 in Fighting
  2620 | D:4      | Found Bouhy's Distillery.
  2628 | D:4      | Bought a potion of heal wounds for 65 gold pieces
  2628 | D:4      | Bought a potion of heal wounds for 65 gold pieces
  2661 | D:4      | Found a shattered altar of Ashenzari.
  2710 | D:4      | Reached XP level 7. HP: 41/61 MP: 6/6
  3279 | D:5      | Entered Level 5 of the Dungeon
  3465 | D:5      | Reached skill level 6 in Shields
  3757 | D:5      | Found a staircase to the Ecumenical Temple.
  4176 | D:5      | Found a sparkling altar of Nemelex Xobeh.
  4254 | D:6      | Reached XP level 8. HP: 66/69 MP: 7/7
  4388 | D:6      | Reached ** piety under Trog
  4792 | D:6      | Noticed Blork the orc
  4805 | D:6      | Killed Blork the orc
  4972 | D:6      | Reached skill level 5 in Dodging
  5202 | D:6      | Reached skill level 7 in Shields
  5460 | D:7      | Found an iron altar of Okawaru.
  5553 | D:7      | Reached *** piety under Trog
  5553 | D:7      | Reached XP level 9. HP: 65/78 MP: 8/8
  5707 | D:7      | Got a wavering jade ring
  5708 | D:7      | Identified the ring of the Dozen Spirits {*Tele Str+4 Dex+3} (You found it on level 7 of the Dungeon)
  5864 | D:7      | Noticed Prince Ribbit
  5874 | D:7      | Killed Prince Ribbit
  5874 | D:7      | Reached skill level 5 in Short Blades
  5941 | D:7      | Noticed Joseph
  5963 | D:7      | Killed Joseph
  5970 | D:7      | Reached skill level 8 in Shields
  6322 | D:7      | Found an oddly glowing altar of Pakellas.
  6322 | D:7      | Found a sacrificial altar of Ru.
  7130 | D:8      | Identified a scroll of acquirement
  7133 | D:8      | Got a heavily runed buckler
  7144 | D:8      | Identified the +0 buckler of Dioth {rElec rC+} (You acquired it on level 8 of the Dungeon)
  7446 | D:8      | Reached **** piety under Trog
  7645 | D:8      | Reached XP level 10. HP: 88/88 MP: 9/9
  7988 | D:9      | Reached skill level 9 in Shields
  8065 | D:9      | Found a snail-covered altar of Cheibriados.
  8222 | D:9      | Reached ***** piety under Trog
  8518 | D:9      | Found a staircase to the Orcish Mines.
  8584 | D:10     | Entered Level 10 of the Dungeon
  8672 | D:10     | Received a gift from Trog
  8684 | D:10     | Noticed a hill giant
  8692 | D:10     | Killed a hill giant
  8704 | D:10     | Reached skill level 10 in Armour
  8714 | D:10     | Noticed a hill giant
  8721 | D:10     | Reached skill level 10 in Shields
  8725 | D:10     | Killed a hill giant
  8725 | D:10     | Reached XP level 11. HP: 97/97 MP: 10/10
  9458 | D:10     | Noticed a catoblepas
  9470 | D:10     | Killed a catoblepas
  9470 | D:10     | Reached skill level 10 in Fighting
  9727 | D:11     | Got a transparent ring mail
  9728 | D:11     | Identified the +2 ring mail of Divine Compulsion {Str+5 Int+3 Dex-3} (You found it on level 11 of the Dungeon)
  9742 | D:11     | Found a staircase to the Lair.
  9742 | D:11     | Noticed an oklob plant
  9769 | D:11     | Found Peuweg's Gadget Shop.
  9852 | D:11     | Received a gift from Trog
 10376 | D:11     | Reached skill level 10 in Short Blades
 10529 | D:11     | Reached skill level 11 in Shields
 11226 | D:12     | Noticed Urug
 11244 | D:12     | Killed Urug
 11244 | D:12     | Reached XP level 12. HP: 108/108 MP: 11/11
 11518 | D:12     | Received a gift from Trog
 12007 | D:12     | Reached skill level 10 in Dodging
 12233 | D:13     | Noticed Chiseanne's ghost (journeyman DsWz)
 12248 | D:13     | Killed Chiseanne's ghost
 12459 | D:13     | Found a labyrinth entrance.
 12468 | Lab      | Entered a labyrinth
 13371 | Lab      | Noticed Chiseanne's ghost (journeyman DsWz)
 13384 | Lab      | Killed Chiseanne's ghost
 13698 | Lab      | Noticed a minotaur
 13706 | Lab      | Killed a minotaur
 13766 | Lab      | Got an encrusted long sword
 13766 | Lab      | Got a twisted plate armour
 13783 | D:13     | Identified the +0 plate armour "Kapnuenk" {rElec Int+4 Dex-2} (You found it in a labyrinth)
 13796 | D:13     | Identified the +3 long sword of Scorn {distort, rElec} (You found it in a labyrinth)
 13877 | D:13     | Noticed a six-headed hydra
 13886 | D:13     | Killed a ten-headed hydra
 14194 | D:13     | Reached XP level 13. HP: 81/118 MP: 12/12
 14207 | D:13     | Reached ****** piety under Trog
 14208 | D:13     | Received a gift from Trog
 14420 | D:13     | Got a clouded platinum amulet
 14421 | D:13     | Identified the amulet "Uwkisegej" {Harm *Drain rElec MP+9 Stlth+} (You acquired it on level 13 of the Dungeon)
 14523 | D:13     | Reached skill level 12 in Shields
 14788 | D:13     | Found a gate to the Vaults.
 14889 | D:14     | Gained mutation: You are partially covered in molten scales (AC +1). [mutagenic meat]
 14890 | D:14     | Gained mutation: Your flesh is cold resistant. [mutagenic meat]
 14891 | D:14     | Gained mutation: You are covered in fur (AC +1). [mutagenic meat]
 15794 | D:14     | Noticed a fire giant
 15804 | D:14     | Killed a fire giant
 15851 | D:14     | Noticed a fire dragon
 15857 | D:14     | Killed a fire dragon
 15858 | D:14     | Noticed a purple very ugly thing
 15868 | D:14     | Killed a purple very ugly thing
 15940 | D:15     | Entered Level 15 of the Dungeon
 16020 | D:15     | Found a blossoming altar of Fedhas.
 16071 | D:15     | Reached XP level 14. HP: 122/129 MP: 13/13
 16269 | D:15     | Received a gift from Trog
 16657 | D:15     | Found a staircase to the Depths.
 16731 | Depths:1 | Entered Level 1 of the Depths
 16738 | Depths:1 | Noticed a stone giant
 16759 | Depths:1 | Killed a stone giant
 16956 | Orc:1    | Entered Level 1 of the Orcish Mines
 17118 | Orc:2    | Entered Level 2 of the Orcish Mines
 17118 | Orc:2    | Found a staircase to the Elven Halls.
 17118 | Orc:2    | Found Xefot's Quality Used Wands.
 17118 | Orc:2    | Found Coiciyg's Antique Armour Boutique.
 17118 | Orc:2    | Noticed a stone giant
 17450 | Orc:1    | Killed a stone giant
 17628 | Orc:2    | Noticed a stone giant
 17634 | Orc:1    | Reached skill level 13 in Shields
 17723 | Orc:2    | Found Akado's General Store.
 17744 | Orc:2    | Killed a stone giant
 17752 | Orc:2    | Bought a scroll of identify for 28 gold pieces
 17752 | Orc:2    | Bought 2 scrolls of enchant armour for 210 gold pieces
 17752 | Orc:2    | Bought a potion of curing for 42 gold pieces
 17796 | Orc:2    | Found Zicyhoos's Antique Weapon Emporium.
 17885 | Orc:2    | Found Efot's Book Shoppe.
 17898 | Orc:2    | Received a gift from Trog
 17955 | Orc:2    | Bought a runed large shield for 121 gold pieces
 17955 | Orc:2    | Bought a pair of encrusted gloves for 256 gold pieces
 17975 | Orc:2    | Identified the -4 pair of gloves of Ycsytwuc {rElec Str-3 Dex+3 Slay+5} (You bought it in a shop on level 2 of the Orcish Mines)
 18348 | Elf:1    | Entered Level 1 of the Elven Halls
 19145 | Elf:1    | Received a gift from Trog
 19161 | Elf:1    | Identified the Reference Book on Dark Secrets
 19494 | Elf:2    | Reached XP level 15. HP: 138/138 MP: 14/14
 19504 | Elf:2    | Reached skill level 14 in Shields
 19898 | Elf:2    | Received a gift from Trog
 19979 | Elf:2    | Found a runed gate.
 19979 | Elf:2    | Found a runed gate.
 19979 | Elf:2    | Found a runed gate.
 20193 | Elf:2    | Identified the Incunabulum of Transmutation and Heat
 20379 | Elf:2    | Reached skill level 15 in Shields
 20389 | Elf:2    | Noticed a deep elf blademaster
 20405 | Elf:2    | Killed a deep elf blademaster
 20463 | Elf:2    | Received a gift from Trog
 20980 | Elf:2    | Reached XP level 16. HP: 147/147 MP: 15/15
 21122 | Elf:3    | Entered Level 3 of the Elven Halls
 21146 | Elf:3    | Noticed a deep elf master archer
 21146 | Elf:3    | Noticed a deep elf master archer
 21177 | Elf:3    | Killed a deep elf master archer
 21177 | Elf:3    | Reached skill level 15 in Fighting
 21178 | Elf:3    | Noticed a deep elf master archer
 21182 | Elf:3    | Killed a deep elf master archer
 21186 | Elf:3    | Reached skill level 15 in Short Blades
 21198 | Elf:3    | Noticed a deep elf blademaster
 21204 | Elf:3    | Reached skill level 16 in Shields
 21206 | Elf:3    | Noticed Aizul
 21219 | Elf:3    | Killed a deep elf blademaster
 21229 | Elf:3    | Killed Aizul
 21229 | Elf:3    | Reached skill level 15 in Dodging
 21232 | Elf:3    | Killed a deep elf master archer
 21233 | Elf:3    | Noticed a deep elf master archer
 21243 | Elf:3    | Cast into level 3 of the Abyss (a deep elf sorcerer)
 21431 | Elf:3    | Escaped the Abyss
 21452 | Elf:3    | Noticed a deep elf blademaster
 21513 | Elf:3    | Received a gift from Trog
 21579 | Elf:3    | Found a frozen archway.
 21585 | IceCv    | Entered an ice cave
 21926 | IceCv    | Reached skill level 17 in Shields
 22783 | Elf:3    | Killed a deep elf blademaster
 22795 | Elf:3    | Received a gift from Trog
 22829 | Elf:3    | Noticed a Hell Sentinel
 22832 | Elf:3    | Noticed a Hell Sentinel
 22839 | Elf:3    | Reached XP level 17. HP: 98/157 MP: 16/16
 22850 | Elf:3    | HP: 3/157 [deep elf annihilator/crystal spear (43)]
 22864 | Elf:3    | Killed from afar by a Hell Sentinel

Skill      XL: |  1  2  3  4  5  6  7  8  9 10 11 12 13 14 15 16 |
---------------+-------------------------------------------------+-----
Shields        | 4 5 6 7 8 10 11 12 13 15 17 | 17.2
Armour         | 4 5 6 8 9 10 11 12 13 | 13.5
Fighting       | 4 5 6 7 9 10 12 13 14 15 | 15.7
Dodging        | 1 2 3 4 5 7 9 11 12 13 14 15 | 15.8
Short Blades   | 1 2 3 4 6 8 10 11 12 13 14 15 | 15.8
Long Blades    | 3 |  3.7
Stealth        | |  0.1

Action                   |  1- 3 |  4- 6 |  7- 9 | 10-12 | 13-15 | 16-18 || total
-------------------------+-------+-------+-------+-------+-------+-------++-------
Melee: Long sword        |    48 |       |       |    48 |    31 |       ||   127
       Headbutt          |     9 |    27 |    89 |   214 |   375 |   169 ||   883
       Short sword       |    22 |   148 |   368 |   704 |   970 |   423 ||  2635
Invok: Berserk           |       |       |     1 |     9 |    11 |     3 ||    24
       Burn Spellbooks   |       |       |       |     1 |     1 |       ||     2
       Brothers in Arms  |       |       |       |     1 |     5 |     6 ||    12
       Trog's Hand       |       |       |       |       |     1 |     2 ||     3
  Use: Potion            |     1 |       |     1 |    12 |     2 |     3 ||    19
       Scroll            |     1 |     2 |     8 |    15 |    16 |     4 ||    46
 Stab: Invisible         |       |       |       |     1 |       |       ||     1
       Distracted        |       |       |       |       |     1 |     1 ||     2
  Eat: Chunk             |     1 |     3 |     1 |    12 |     4 |       ||    21
       Meat ration       |     1 |       |       |       |     4 |     2 ||     7
       Beef jerky        |       |     1 |       |       |       |       ||     1
       Bread ration      |       |       |     4 |     6 |     4 |       ||    14
Armor: Scale mail        |    29 |    38 |   105 |    22 |       |       ||   194
       Plate armour      |       |       |       |    59 |       |       ||    59
       Ring mail         |       |       |       |    86 |    55 |       ||   141
       Swamp dragon armo |       |       |       |       |   108 |    62 ||   170
Dodge: Dodged            |    15 |    37 |   122 |   337 |   347 |   125 ||   983
Block: Shield            |    33 |    63 |   135 |       |       |       ||   231
       Reflection        |       |     4 |     6 |       |       |       ||    10
       Buckler           |       |       |    19 |   168 |   116 |       ||   303
       Large shield      |       |       |       |       |   270 |   273 ||   543
